[Event "*** Titled Tuesday Blitz"]
[Site "Chess.com"]
[Date "2021.03.09"]
[Round "2"]
[White "Mihnea2017"]
[Black "Make_it_shine060"]
[Result "1-0"]
[WhiteElo "2466"]
[BlackElo "2246"]
[TimeControl "180+1"]
[EndTime "10:19:56 PST"]
[Termination "Mihnea2017 won by resignation"]

1. e4 c5 2. Nf3 d6 3. d4 cxd4 4.
Nxd4 Nf6 5. Nc3 Nc6 6. Bg5 e6 7. Qd2 a6 8. O-O-O Bd7 9. f3 Be7 10. Kb1 Rc8 11. Be3 b5 12. Nxc6 Bxc6 13. Bd3 O-O 14. g4 b4 15. Ne2 a5 16. Ng3 a4 17.
g5 Nd7 18. h4 b3 19. cxb3 axb3 20. a3 Nc5 21. h5 Nxd3 22. Qxd3 Bxg5 23. Bxg5 Qxg5 24.
Rhg1 Bb5 25. Qxb3 Bc4 26. Qb4 Qe5 27. Qxd6 Qa5 28. Nf5 g6 29. Ne7+ Kh8 30. Nxc8 Rxc8 31. hxg6 fxg6 32. Qd7 Qc5 33. Rh1 h5 34. Qd4+ Qxd4 35.
Rxd4 e5 36. Rd7 Be6 37. Re7 Rc6 38. Rc1 Ba2+ 39. Kxa2 Rxc1 40. Rxe5 Rf1 41. a4 Rxf3 42. a5 Rf6 43. Rb5 h4 44. Rb6 Rf7 45. Rxg6 Kh7 46. Rg4 Ra7 47. Rxh4+ Kg6 48. b4 Kf6 49. Kb3 Ke5 50.
Rh6 Kxe4 51. Rd6 Ke5 52. Rd1 Ra6 53. Ka4 Ke6 54. b5 Ra8 55. a6 Ke7 56. Ka5 Ke8 57. b6 Ke7 58. b7 1-0

[Event "*** Titled Tuesday Blitz"]
[Site "Chess.com"]
[Date "2021.03.09"]
[Round "2"]
[White "Goryachkina"]
[Black "Matensien"]
[Result "1/2-1/2"]
[WhiteElo "2674"]
[BlackElo "2381"]
[TimeControl "180+1"]
[EndTime "10:19:57 PST"]
[Termination "Game drawn by repetition"]

1. Nf3 Nf6 2. g3 g6 3. Bg2 Bg7 4. O-O O-O 5. d4 b6 6. Ne5 c6 7. c4 Bb7 8. Nc3 d6 9. Nd3 d5 10. cxd5 cxd5 11. Bf4 Nc6 12. Ne5 e6 13. Rc1 Nh5 14.
Nb5 Nxf4 15. gxf4 Rc8 16. Nxc6 Rxc6 17. Rxc6 Bxc6 18. Nc3 Qd6 19. e3 Qb4 20. Qd2 Rc8 21.
Rc1 Bb7 22. a3 Qa5 23. Rc2 Bf8 24. Qc1 b5 25. Bf3 b4 26. axb4 Bxb4 27. Kg2 Kg7 28. Ne2 Rxc2 29. Qxc2 Qb6 30. h4 h5 31. Ng3 a5 32.
Qa4 Qc6 33. Qd1 Qc4 34. Be2 Qa2 35. Qc1 a4 36. Qc7 Ba6 37. Bxa6 Qxb2 38. Be2 a3 39. Bxh5 a2 40. Bxg6 Kxg6 41. f5+ Kg7 42. fxe6 a1=Q 43. Qxf7+ Kh8 44. Qe8+ Kh7 45. Qf7+ Kh8 46. Qe8+ Kh7 47.
Qh5+ Kg8 48. Qg6+ Kh8 49. Qh6+ Kg8 50. Qg6+ Kh8 51. Qh6+ Kg8 52. Qg6+ 1/2-1/2

[Event "*** Titled Tuesday Blitz"]
[Site "Chess.com"]
[Date "2021.03.09"]
[Round "2"]
[White "Anna_ChessMate"]
[Black "Kaua18"]
[Result "1-0"]
[WhiteElo "2543"]
[BlackElo "2297"]
[TimeControl "180+1"]
[EndTime "10:19:57 PST"]
[Termination "Anna_ChessMate won by resignation"]

1. d4 Nf6 2. c4 e6 3. Nf3 b6 4. g3 Bb7 5. Bg2 Bb4+ 6. Bd2 c5 7. O-O O-O 8. Bxb4 cxb4 9. Nbd2 Qc7 10. Re1 d6 11. e4 a5 12. Rc1 Na6 13. Qe2 Rac8 14. Nh4 Nd7 15. f4 g6 16. Nhf3 Rfe8 17. Ng5 f6 18.
Nh3 e5 19. fxe5 dxe5 20. d5 Nac5 21. Nf2 Rb8 22. Kh1 Ba6 23. Ng4 Kg7 24. Qe3 Qd6 25.
Qh6+ Kg8 26. Rf1 Rf8 27. b3 Rf7 28. Rf3 Rbf8 29. Rcf1 b5 30. Qh4 Kg7 31. Nh6 Re7 32. g4 bxc4 33. bxc4 a4 34. g5 fxg5 35. Qxg5 Rxf3 36.
Rxf3 Kh8 37. Bh3 b3 38. axb3 axb3 39. Bxd7 Nxd7 40. Nf7+ Rxf7 41. Rxf7 Kg8 42. Rxd7 Qxd7 43. Qxe5 Qh3 44. Qb8+ Kg7 45. Qxb3 Qxb3 46. Nxb3 Bxc4 47.
Nd2 Bd3 48. Kg2 Kf6 49. Kf3 Ke5 50. Ke3 Bb5 51. Nf3+ Kd6 52. Kd4 Bd7 53. e5+ Ke7 54. Ng5 h6 55. d6+ Kf8 56. Ne4 Bf5 57. Nc5 Kf7 58.
Kd5 Bh3 59. e6+ Ke8 60. Ke5 g5 61. Kf6 h5 62. d7+ Kd8 63. Nb7+ Kc7 64. d8=Q+ Kxb7 1-0

[Event "*** Titled Tuesday Blitz"]
[Site "Chess.com"]
[Date "2021.03.09"]
[Round "2"]
[White "Steegersee"]
[Black "InitiatingASC"]
[Result "1-0"]
[WhiteElo "2243"]
[BlackElo "2435"]
[TimeControl "180+1"]
[EndTime "10:19:58 PST"]
[Termination "Steegersee won by checkmate"]

1. d4 Nf6 2. c4 g6 3. g3 Bg7 4. Bg2 O-O 5. Nc3 d6 6. Nf3 a6 7. O-O Nc6 8. e4 e5 9. d5 Ne7 10. c5 Ne8 11. b4 h6 12. Ne1 f5 13. Nd3 g5 14. exf5 Bxf5 15. g4 Bd7 16. Be3 Ng6 17. Qb3 Bxg4 18. Ne4 Nf4 19. Bxf4 exf4 20. Rae1 f3 21. Bh1 Bh3 22. c6 b6 23. Ng3 Qc8 24.
Re3 Bxf1 25. Kxf1 Qh3+ 26. Kg1 Nf6 27. Bxf3 Ng4 28. Bxg4 Qxg4 29. Re6 Rae8 30. b5 a5 31. Ne1 Bd4 32. Nd3 Qf3 33. Qc2 Qxd5 34. Rg6+ Bg7 35. Nh5 Rf7 36. Rxg7+ Rxg7 37. Nf6+ Kf8 38. Nxd5 Re4 39.
Ne3 Rge7 40. Qc3 Kg8 41. Qf6 R4e6 42. Qf3 Rf7 43. Qg4 Ref6 44. Kg2 Kg7 45. Qg3 a4 46. Nd5 Rf5 47. Ne3 Rxb5 48. Qg4 a3 49. Qd4+ Kg6 50. Qc4 Ra5 51. Qe6+ Rf6 52. Qg8+ Kh5 53. Qe8+ Kh4 54. f3 Rb5 55. Kg1 Rb1+ 56. Kg2 Rb2+ 57. Nf2 h5 58. Qe4+ Rf4 59. Qe6 Rxa2 60. Qh3# 1-0

[Event "*** Titled Tuesday Blitz"]
[Site "Chess.com"]
[Date "2021.03.09"]
[Round "2"]
[White "FredyMatsuura"]
[Black "Politov_Pavel"]
[Result "1/2-1/2"]
[WhiteElo "2195"]
[BlackElo "2419"]
[TimeControl "180+1"]
[EndTime "10:19:58 PST"]
[Termination "Game drawn by repetition"]

1. d4 Nf6 2. c4 e6 3. Nf3 d5 4. Nc3 c5 5. cxd5 Nxd5 6. e3 Nc6 7. Bd3 cxd4 8. exd4 Be7 9. O-O O-O 10. a3 a6 11. Qe2 b5 12. Qe4 f5 13. Qe2 Na5 14.
Re1 Nb3 15. Rb1 Bf6 16. Be3 Re8 17. Rbd1 Bb7 18. Bc2 Na5 19. Ne5 Nxc3 20. bxc3 Qd5 21. f3 Bxe5 22. dxe5 Qxe5 23. Bd4 Qxe2 24. Rxe2 Nc4 25.
Bb3 Bd5 26. Bxc4 bxc4 27. Rb1 Rab8 28. Reb2 Rxb2 29. Rxb2 Re7 30. f4 Kf7 31. Rb6 Rb7 32. Rxb7+ Bxb7 33. a4 g5 34. fxg5 Kg6 35. h4 Kh5 36. g3 Kg4 37. Kf2 a5 38. Be5 Bc6 39. Ke3 Bxa4 40. Bc7 Bc6 41. Bxa5 Kxg3 42. h5 Be8 43. g6 f4+ 44. Kd2 h6 45. Ke2 f3+ 46. Kf1 e5 47. Bb6 Kf4 48. Kf2 e4 49. Be3+ Kg4 50. g7 Bf7 51. Bxh6 Kxh5 52. Be3 Kg6 53. Bd4 Bd5 54. Ke3 Kf5 55. Kf2 Kf4 56. Be3+ Kg4 57.
Bd4 Kg5 58. Be3+ Kg6 59. Bd4 Kh7 60. Ke3 Bc6 61. Kf2 Ba4 62. Ke3 Bc2 63. Kf2 Bd3 64.
Ke3 Kg8 65. Kf2 Kh7 66. Ke3 Kg8 67. Kf2 Kh7 1/2-1/2

[Event "*** Titled Tuesday Blitz"]
[Site "Chess.com"]
[Date "2021.03.09"]
[Round "2"]
[White "Grineva_Marianna"]
[Black "googlegoom"]
[Result "1/2-1/2"]
[WhiteElo "2278"]
[BlackElo "2473"]
[TimeControl "180+1"]
[EndTime "10:19:59 PST"]
[Termination "Game drawn - insufficient material"]

1. e4 c5 2. Nf3 Nc6 3. d4 cxd4 4. Nxd4 Qb6 5. Nb3 Nf6 6. Nc3 e6 7. Be3 Qc7 8. f4 d6 9. Bd3 a6 10. Qe2 b5 11. O-O-O Bb7 12. g4 Rc8 13. g5 Nd7 14.
Rhe1 Na5 15. Kb1 Nc4 16. Bxc4 Qxc4 17. Qd3 b4 18. Na5 Qxd3 19. Rxd3 bxc3 20. Nxb7 Rb8 21. Nxd6+ Bxd6 22. Rxd6 Rxb2+ 23. Ka1 Nb8 24. Red1 O-O 25.
Bc5 h6 26. R6d3 Rc8 27. Rxc3 Rb5 28. Bd4 Rxc3 29. Bxc3 hxg5 30. fxg5 Kh7 31. h4 Kg6 32. a4 Rc5 33. Kb2 Nc6 34. Rd7 Rc4 35. Rc7 f6 36. a5 fxg5 37. Rxg7+ Kh5 38. hxg5 e5 39. g6 Kh6 40. Rc7 Kxg6 41. Kb3 Rc5 42. Rb7 Nxa5+ 43. Bxa5 Rxa5 44. Rb6+ Kg5 45. Kb4 Ra2 46. c4 Kf4 47. Kc5 Kxe4 48. Kc6 a5 49. c5 a4 50. Rb4+ Kd3 51. Kd7 e4 52. c6 Rc2 53. Rxa4 e3 54. Ra8 e2 55. Re8 Kd2 56. c7 e1=Q 57. Rxe1 Kxe1 58.
c8=Q Rxc8 59. Kxc8 1/2-1/2

[Event "*** Titled Tuesday Blitz"]
[Site "Chess.com"]
[Date "2021.03.09"]
[Round "2"]
[White "FoggyMorning"]
[Black "ChrisTool2"]
[Result "0-1"]
[WhiteElo "2607"]
[BlackElo "2343"]
[TimeControl "180+1"]
[EndTime "10:20:00 PST"]
[Termination "ChrisTool2 won by resignation"]

1. e4 c5 2. Nf3 e6 3. d4 cxd4 4. Nxd4 a6 5. Nc3 Qc7 6. g3 d6 7. Bg2 Nc6 8. O-O Nge7 9. Nb3 g6 10. f4 Bg7 11. Be3 O-O 12. Qe2 b5 13. a3 Bb7 14.
Rad1 Rac8 15. f5 gxf5 16. exf5 Nxf5 17. Rxf5 exf5 18. Nd5 Qd8 19. Qh5 Re8 20. Bg5 f6 21. Bh6 Ne5 22. Bxg7 Kxg7 23. Qxf5 Bxd5 24. Bxd5 Qd7 25.
Qf2 Ng4 26. Qf3 Rxc2 27. Nd4 Rf2 28. Ne6+ Qxe6 29. Bxe6 Rxf3 30. Bxg4 Rb3 31. Rd2 Re1+ 32. Kg2 Rb1 33. Rxd6 R1xb2+ 34. Kh3 Rxa3 35. Bf5 Raa2 36. Rd7+ Kf8 37. Kg4 Rxh2 38. Be6 Ra4+ 39. Kf3 a5 40. Bd5 Rd2 41. Ke3 Rad4 42. Rf7+ Ke8 43. Be6 R4d3+ 44. Ke4 Rxg3 45. Rxh7 Re2+ 46. Kd5 Rd3+ 47. Kc6 Rxe6+ 48. Kxb5 Rd5+ 49. Kc4 Rde5 50. Rh8+ Kd7 51. Rh7+ Kc6 52. Ra7 Re4+ 53. Kd3 R6e5 54. Ra6+ Kd5 55. Rxf6 Re3+ 56. Kd2 Re2+ 57. Kd1 Rh2 58. Ra6 Kc4 59.
Rc6+ Kb5 60. Rc8 Rg5 61. Rb8+ Ka4 0-1

[Event "*** Titled Tuesday Blitz"]
[Site "Chess.com"]
[Date "2021.03.09"]
[Round "2"]
[White "ri4mi"]
[Black "jordanasoul"]
[Result "1-0"]
[WhiteElo "2418"]
[BlackElo "2165"]
[TimeControl "180+1"]
[EndTime "10:20:01 PST"]
[Termination "ri4mi won by resignation"]

1. d4 Nf6 2. Nc3 c5 3. d5 e6 4. e4 exd5 5. exd5 d6 6. Nf3 Be7 7. Be2 O-O 8. O-O a6 9. a4 Bg4 10. h3 Bxf3 11. Bxf3 Nbd7 12. Bf4 Re8 13. Re1 Bf8 14.
g4 h6 15. Bg2 Nh7 16. Qd2 Qf6 17. Ne4 Qg6 18. Re2 f5 19. gxf5 Qxf5 20. Nxd6 Bxd6 21.
Bxd6 Nhf6 22. Rae1 Rxe2 23. Rxe2 b5 24. Bg3 Rf8 25.
axb5 axb5 26. Qc3 Nh5 27. Qd3 Nxg3 28. Qxg3 Nf6 29. d6 Rd8 30. Re7 Nh5 31. Qd3 Qxd3 32. cxd3 Rxd6 33. Be4 c4 34. Rb7 cxd3 35. Bg6 Rd8 36.
Bxh5 d2 37. Bd1 Re8 38. Bb3+ Kh8 39. Rd7 Re2 40. Kf1 Re1+ 41. Kg2 Re2 42. Rd3 Re1 43. Rxd2 Re5 44. Bc2 Kg8 45. Rd7 Kf8 46. Bd3 b4 47. f4 Rc5 48. Kf3 Rc1 49. Rd4 b3 50.
Rb4 Rh1 51. Rxb3 Rxh3+ 52. Ke4 Rh1 53. Rb7 Re1+ 54. Kf5 Rd1 55. Be4 Rd2 56. b4 Rd4 57. b5 g6+ 58. Ke5 Rb4 59. Bxg6 Rb1 60. Be4 Re1 61.
b6 1-0

[Event "*** Titled Tuesday Blitz"]
[Site "Chess.com"]
[Date "2021.03.09"]
[Round "2"]
[White "Leo_C"]
[Black "tdf98pantani"]
[Result "0-1"]
[WhiteElo "2443"]
[BlackElo "2671"]
[TimeControl "180+1"]
[EndTime "10:20:02 PST"]
[Termination "tdf98pantani won by resignation"]

1. d4 Nf6 2. c4 e6 3. Nc3 d5 4. cxd5 exd5 5. Bg5 c6 6. e3 Be7 7. Bd3 Nbd7 8. Nge2 Nf8 9. Bh4 Ne6 10. O-O O-O 11. f3 b5 12. a3 Bb7 13. Qc2 g6 14. Bf2 a6 15. b4 a5 16. Rab1 Bd6 17. h3 Qe7 18. e4 axb4 19. axb4 Bxb4 20. Bh4 Bxc3 21.
Qxc3 Nxe4 22. Bxe7 Nxc3 23. Nxc3 Rfe8 24. Bf6 Ra3 25. Rfc1 Nf4 26. Bf1 Nh5 27. Be5 f6 28. Bd6 Raa8 29. Ra1 Ng7 30. g4 Ne6 31. Bc5 Nxc5 32. dxc5 Rxa1 33. Rxa1 Re3 34. Nd1 Re7 35. Ra7 Kf7 36. Kf2 d4 37. Nb2 Ke6 38. Nd3 Kd5 39.
Be2 Kc4 40. Ra2 Kc3 41. Ra3+ Kc4 42. Ra2 Bc8 43. Rc2+ Kb3 44. Rb2+ Kc3 45. Ra2 Be6 46. Ra6 Bd5 47. Ra3+ Kc2 48. Nb4+ Kb2 49. Rd3 Bc4 50. Rd2+ Kc3 51. Rc2+ Kb3 52. Bxc4+ bxc4 53. Rd2 Kxb4 54. Rxd4 Kxc5 55. Rf4 Re6 56. h4 c3 57. g5 f5 58. h5 c2 0-1

[Event "*** Titled Tuesday Blitz"]
[Site "Chess.com"]
[Date "2021.03.09"]
[Round "2"]
[White "SnekkerAndersen"]
[Black "Legendinunknown"]
[Result "1-0"]
[WhiteElo "2409"]
[BlackElo "2630"]
[TimeControl "180+1"]
[EndTime "10:20:03 PST"]
[Termination "SnekkerAndersen won by checkmate"]

1. d4 d5 2. Bf4 Nf6 3. e3 g6 4.
Nc3 Bg7 5. h4 h5 6. Nf3 O-O 7. Qd2 c5 8. dxc5 Nc6 9. Ne5 e6 10. Nxc6 bxc6 11. Bd6 Re8 12. Be2 e5 13. O-O d4 14. exd4 exd4 15. Qxd4 Nd5 16. Qd2 Nxc3 17. bxc3 Qxh4 18. Bf3 Qa4 19. Rab1 Bd7 20. Rb7 Bf5 21.
Rc7 Be4 22. Qf4 f6 23. Re1 f5 24. Qg5 Re6 25. Bxe4 fxe4 26. Re7 Qc4 27. Rb1 Rxe7 28. Qxe7 Qxc3 29. Rb7 Qa1+ 30. Kh2 Qd4 31. Qf7+ Kh7 32. Re7 Rg8 33. Be5 Qd5 34. Qf6 Kh6 35. Rxg7 Qxe5+ 36. Qxe5 Rxg7 37. Qf4+ Kh7 38. Qe3 Re7 39. Kg3 Kg7 40. Kh4 Kf6 41. g4 hxg4 42. Kxg4 Re5 43. Qc3 Ke6 44. Kf4 Rf5+ 45. Kxe4 Rd5 46. Qc4 g5 47. f3 a6 48. a3 a5 49. a4 Kf6 50. Qxd5 cxd5+ 51. Kxd5 Kf5 52. c6 Kf4 53. c7 Kxf3 54. c8=Q g4 55. Qg8 g3 56. Kc5 g2 57. Kb5 Kf2 58. Kxa5 g1=Q 59. Qxg1+ Kxg1 60. c4 Kf2 61. c5 Ke3 62. c6 Kd4 63. c7 Kc5 64. c8=Q+ Kd4 65. Qb7 Kc3 66. Qb5 Kd4 67. Kb6 Kc3 68. a5 Kd4 69. a6 Kc3 70. a7 Kd4 71. a8=Q Kc3 72. Qa3+ Kd4 73. Qaa4+ Kc3 74. Qbb3+ Kd2 75. Qaa2+ Ke1 76.
Qbb1# 1-0

[Event "*** Titled Tuesday Blitz"]
[Site "Chess.com"]
[Date "2021.03.09"]
[Round "2"]
[White "Abund"]
[Black "IMVoja"]
[Result "1/2-1/2"]
[WhiteElo "2642"]
[BlackElo "2419"]
[TimeControl "180+1"]
[EndTime "10:20:04 PST"]
[Termination "Game drawn by repetition"]

1. e4 e6 2. d4 d5 3. Nd2 Nc6 4. Ngf3 Nf6 5. e5 Nd7 6. Nb3 a6 7. c3 f6 8. Bf4 Be7 9. Bd3 O-O 10. Qc2 h6 11. exf6 Bxf6 12. O-O e5 13. dxe5 Ndxe5 14.
Nxe5 Nxe5 15. Bh7+ Kh8 16. Rae1 Nc4 17. Bg6 Bg5 18.
Bg3 Nd6 19. Nd4 Qf6 20. Be5 Qd8 21. f4 Bf6 22. h3 c5 23. Nf3 Nc4 24. b3 Nxe5 25.
fxe5 Be7 26. Qd1 Be6 27. Bc2 Qd7 28. Nh2 Rxf1+ 29. Rxf1 Rf8 30. Qd3 Rxf1+ 31. Nxf1 Kg8 32. Qh7+ Kf8 33. Ng3 Bg8 34. Qd3 Qe6 35. Qf3+ Ke8 36. Qe2 Bg5 37. Bf5 Qe7 38. e6 Bf4 39. Nh5 Bc7 40. Qg4 Qg5 41. Nxg7+ Kf8 42. Qxg5 hxg5 43. Nh5 Ke7 44. Kf2 Bxe6 45. Bxe6 Kxe6 46. g4 Ba5 47. c4 d4 48. Ke2 Ke5 49. Ng3 Kf4 50.
Nh5+ Ke4 51. Nf6+ Ke5 52. Nh5 b5 53. Kd3 Bc7 54. Ke2 Bd6 55. Ng3 Kf4 56. Nh5+ Ke4 57. Nf6+ Ke5 58. Nh5 Ke4 59. Nf6+ Ke5 60. Nd5 Ke4 61.
Nf6+ 1/2-1/2

[Event "*** Titled Tuesday Blitz"]
[Site "Chess.com"]
[Date "2021.03.09"]
[Round "2"]
[White "Papa12341234"]
[Black "Sagar_Raina"]
[Result "1-0"]
[WhiteElo "2608"]
[BlackElo "2264"]
[TimeControl "180+1"]
[EndTime "10:20:04 PST"]
[Termination "Papa12341234 won on time"]

1. d4 Nf6 2. Nc3 d5 3. Bf4 g6 4. e3 Bg7 5. Nf3 O-O 6. Be2 c5 7. h4 cxd4 8. exd4 Qb6 9. Qd2 Bg4 10. O-O Nc6 11. Be5 e6 12. Na4 Qa5 13. Qxa5 Nxa5 14. c3 Rfc8 15. Rfc1 Nc4 16. Bxc4 Rxc4 17. b3 Rc6 18. Ne1 Be2 19. Nc2 Bb5 20. Nb4 Rcc8 21.
Nb2 a5 22. N4d3 a4 23. c4 dxc4 24. bxc4 Be8 25. Nd1 Ne4 26. Bxg7 Kxg7 27. f3 Nd6 28. Ne3 Rc7 29. Rab1 Rac8 30. c5 Nf5 31. Nxf5+ gxf5 32. Nf4 Rd8 33. Rd1 Bc6 34. Kf2 Bd5 35. a3 Bb3 36. Rd2 Rxc5 37. Nh5+ Kg6 38. Nf4+ Kf6 39. dxc5 Rxd2+ 40. Ke3 Rd7 41. Nh5+ Kg6 42. Nf4+ Kf6 43. g4 fxg4 44. fxg4 Ke7 45. Rc1 Rc7 46. g5 b6 47.
c6 Kd6 48. Nd3 Rxc6 49. Rf1 Ke7 50. Ne5 Rc3+ 51. Kd4 Rh3 52. Rxf7+ Ke8 53. Rxh7 b5 54. g6 b4 55. Rh8+ Ke7 56. g7 Rg3 57. g8=Q Rxg8 58.
Rxg8 bxa3 59. Rg1 a2 60. h5 Kf6 61. Nd7+ Ke7 62. Nc5 Bc2 63. Ra1 Bb1 64. Ke5 Kf7 65. Nxe6 Kg8 66. Kf6 Kh7 67. Kg5 Kh8 68. h6 Kh7 69.
Nc5 a3 70. Nb3 Kh8 71. Nd2 Bc2 72. Rxa2 1-0

[Event "*** Titled Tuesday Blitz"]
[Site "Chess.com"]
[Date "2021.03.09"]
[Round "2"]
[White "PetrolulSah"]
[Black "shaheus"]
[Result "1-0"]
[WhiteElo "2187"]
[BlackElo "2403"]
[TimeControl "180+1"]
[EndTime "10:20:04 PST"]
[Termination "PetrolulSah won on time"]

1. d4 Nf6 2. c4 g6 3. Nc3 Bg7 4. e4 d6 5. Be2 O-O 6. Be3 e5 7. d5 Ne8 8. Qd2 f5 9. f3 Nd7 10. g4 c5 11. h4 f4 12. Bf2 h6 13.
Nh3 Rf7 14. O-O Bf6 15. Qe1 a6 16. a3 Rb8 17. b4 b6 18. Rb1 Ra8 19. Kh2 Nf8 20.
Rg1 Kh7 21. g5 Qd7 22. Bf1 hxg5 23. Nxg5+ Bxg5 24. hxg5 Kg8 25. Rg4 Rh7+ 26. Rh4 Ng7 27.
Bg2 Rxh4+ 28. Bxh4 Nh5 29. Qf1 Nh7 30. Bh3 Qc7 31. Be6+ Kg7 32. Qh3 Nf8 33. Bxc8 Rxc8 34. Bf2 Nh7 35. Qg2 Qe7 36. bxc5 bxc5 37. Qg4 Rh8 38.
Bh4 Ng3 39. Kg2 Nf8 40. Bxg3 fxg3 41. Kxg3 Rh5 42. Kf2 Rxg5 43. Qh3 Rh5 44. Qg2 Nh7 45. Rh1 Rxh1 46. Qxh1 Qg5 47. Qd1 Nf6 48. Ne2 Qh4+ 49. Ke3 Nh5 50. Qb1 Qg5+ 51. Kd3 Nf4+ 52. Nxf4 Qxf4 53.
Qb7+ Kh6 54. Ke2 Qh2+ 55. Kf1 Qh1+ 56. Kf2 1-0

[Event "*** Titled Tuesday Blitz"]
[Site "Chess.com"]
[Date "2021.03.09"]
[Round "2"]
[White "DamageDoers"]
[Black "Ziyamammadov"]
[Result "1-0"]
[WhiteElo "2368"]
[BlackElo "1773"]
[TimeControl "180+1"]
[EndTime "10:20:06 PST"]
[Termination "DamageDoers won on time"]

1. d4 Nf6 2. c4 d6 3. Nc3 g6 4. e4 Bg7 5. f4 O-O 6. Nf3 Nbd7 7. e5 dxe5 8. fxe5 Ne8 9. Bf4 c6 10. Qd2 Qa5 11. a3 c5 12. d5 e6 13. O-O-O Nb6 14.
d6 Bd7 15. h4 f6 16. Bh6 f5 17. h5 Na4 18. Bxg7 Nxg7 19. hxg6 Nxc3 20. gxh7+ Kh8 21. Nh4 Be8 22. Qxc3 Qxc3+ 23. bxc3 Bh5 24. Be2 Bf7 25. Rdg1 f4 26. g4 Kxh7 27. Nf5+ Kg6 28. Rh6+ Kg5 29. Rgh1 exf5 30. Rh7 Bg6 31. Rxg7 fxg4 32. Bd3 Rf5 33. Bxf5 Kxf5 34. Re1 g3 35. e6 f3 36. Re3 f2 37.
Rf7+ Kg4 38. Rxg3+ Kxg3 39. Rxf2 Kxf2 40. e7 Rd8 41.
Kd2 Bf7 42. Kc2 Rd7 43. e8=Q Bg6+ 44. Qxg6 Rxd6 45. Qxd6 Kf3 46. Qxc5 Kg4 47. Qxa7 Kf5 48. Qxb7 Ke6 49. Qd5+ Kf6 50. a4 Kg6 51. a5 Kf6 52. a6 Ke7 53. a7 Kf6 54. a8=Q Ke7 55. Qd1 Kf6 56. Qaf3+ Kg6 57. Qg1+ 1-0

[Event "*** Titled Tuesday Blitz"]
[Site "Chess.com"]
[Date "2021.03.09"]
[Round "2"]
[White "dozer80"]
[Black "BrandonJacobson"]
[Result "1/2-1/2"]
[WhiteElo "2582"]
[BlackElo "2927"]
[TimeControl "180+1"]
[EndTime "10:20:07 PST"]
[Termination "Game drawn by repetition"]

1. e4 c5 2. Nf3 Nc6 3. d4 cxd4 4. Nxd4 Nf6 5. Nc3 d6 6. Bg5 e6 7. Qd2 a6 8. O-O-O Bd7 9. f3 Nxd4 10. Qxd4 Bc6 11.
h4 h6 12. Be3 d5 13. e5 Nd7 14. f4 Bc5 15. Qd2 Qa5 16. Kb1 Bxe3 17. Qxe3 Qc5 18.
Qd4 Qxd4 19. Rxd4 Ke7 20. g3 g5 21. Bd3 g4 22. a4 h5 23. b4 b6 24. Kb2 a5 25.
Re1 axb4 26. Rxb4 Rhb8 27. Ra1 Ra5 28. Kc1 Nc5 29. Kd2 Kd7 30. Rab1 Kc7 31. Bb5 Bxb5 32. Nxb5+ Kd7 33. Nd6 f6 34. Rxb6 Rxb6 35. Rxb6 fxe5 36.
fxe5 Rxa4 37. Kc1 Ra3 38. Rb5 Kc6 39. Rb8 Rxg3 40. Rc8+ Kb6 41. Rb8+ Ka7 42. Rc8 Ne4 43. Nb5+ Kb7 44. Re8 Rg1+ 45. Kb2 Nc5 46. Nd4 Re1 47. Nxe6 Nxe6 48. Rxe6 Kc7 49. Kc3 Re4 50. Kd3 g3 51.
Rg6 Rxh4 52. Rxg3 Re4 53. Rg5 h4 54. Rh5 Kd7 55. Rh7+ Ke6 56. Rh5 Rg4 57. c3 Rg3+ 58.
Kd4 Rg4+ 59. Kd3 Rf4 60. Ke3 Ra4 61. Kd3 Rc4 62. Kd2 Rg4 63. Kd3 1/2-1/2

[Event "*** Titled Tuesday Blitz"]
[Site "Chess.com"]
[Date "2021.03.09"]
[Round "2"]
[White "elextranjero00"]
[Black "andrzej"]
[Result "1-0"]
[WhiteElo "2654"]
[BlackElo "2361"]
[TimeControl "180+1"]
[EndTime "10:20:07 PST"]
[Termination "elextranjero00 won by checkmate"]

1. d4 Nf6 2. c4 c5 3. d5 b5 4.
Qc2 b4 5. e4 d6 6. Nf3 g6 7. h3 Bg7 8. Bd3 a5 9. O-O O-O 10. Bf4 Ra7 11. e5 Nh5 12. Bh2 dxe5 13. Nxe5 e6 14. Nd2 exd5 15. cxd5 Qxd5 16. Be4 Qe6 17. Qxc5 Re7 18. Ndf3 Nd7 19. Nxd7 Bxd7 20. Bd5 Qf6 21. Bd6 Rc8 22. Bxe7 Rxc5 23. Bxf6 Bxf6 24.
Rad1 Bb5 25. Rfe1 Nf4 26. Be4 Bxb2 27. Rd8+ Kg7 28. Rb8 Bc3 29. Rd1 Bc4 30. Bb1 a4 31.
Rdd8 b3 32. axb3 Bxb3 33. Rdc8 Rxc8 34. Rxc8 Bf6 35. Ra8 Ne2+ 36. Kh2 Nc3 37. Bd3 Nd5 38. Ra5 Nb4 39. Bb5 Bd8 40. Ra8 Bc7+ 41. g3 Nd5 42.
Bxa4 Bxa4 43. Rxa4 Nc3 44. Rc4 Nd1 45. Rxc7 Nxf2 46.
Ne5 Ne4 47. Rxf7+ Kh6 48. Rf4 g5 49. Rxe4 Kh5 50. Nf3 h6 51. g4+ Kg6 52. Re6+ Kg7 53. Ra6 Kh7 54. Kg3 h5 55. gxh5 Kg7 56. Kg4 Kh7 57.
Kxg5 Kg7 58. Ra7+ Kh8 59. Kg6 Kg8 60. Ra8# 1-0

[Event "*** Titled Tuesday Blitz"]
[Site "Chess.com"]
[Date "2021.03.09"]
[Round "2"]
[White "NovikovaGalina"]
[Black "coco_crc"]
[Result "0-1"]
[WhiteElo "2411"]
[BlackElo "2208"]
[TimeControl "180+1"]
[EndTime "10:20:07 PST"]
[Termination "coco_crc won by resignation"]

1. e4 e5 2. Nf3 Nc6 3. d4 exd4 4. Nxd4 Bb4+ 5. c3 Bc5 6. Be3 Bb6 7. Be2 Nf6 8. Bg5 h6 9. Bh4 g5 10. Bg3 Nxe4 11.
O-O Nxd4 12. cxd4 Nxg3 13. fxg3 d5 14. Bh5 Be6 15. a4 a6 16. a5 Ba7 17. Nc3 Qd7 18.
b4 O-O-O 19. Rb1 c6 20. Na4 Rdf8 21. Nc5 Bxc5 22. bxc5 g4 23. Rb6 Rhg8 24. Rf2 Rg5 25. Rfb2 Rxh5 26. Qb1 Bf5 27. Qa2 Bd3 28. R6b4 Rf5 29.
Qa1 Rf1+ 30. Qxf1 Bxf1 31. Kxf1 f5 32. Rf2 Qe6 33. Rbb2 Qe4 34. Rfd2 f4 35. Rf2 Qxd4 36. Rbd2 Qxc5 37. gxf4 Qxa5 38. g3 Qa1+ 39. Kg2 Qc3 40. Rfe2 Kd7 41. Rc2 Qd4 42. Rb2 b5 43. Rbd2 Qxd2 44.
Rxd2 Kd6 45. Ra2 Ra8 46. h3 h5 47. hxg4 hxg4 48. Kf2 a5 49. Ke3 a4 50. f5 b4 51.
Kf4 b3 52. Rb2 c5 53. Kxg4 c4 54. Kf4 c3 55. Re2 b2 56. Re6+ Kc5 57. Re1 c2 58. f6 c1=Q+ 59. Rxc1+ bxc1=Q+ 60. Kf5 Qf1+ 0-1

[Event "*** Titled Tuesday Blitz"]
[Site "Chess.com"]
[Date "2021.03.09"]
[Round "2"]
[White "FeketeBarika"]
[Black "Koalaskakistis"]
[Result "0-1"]
[WhiteElo "2303"]
[BlackElo "2573"]
[TimeControl "180+1"]
[EndTime "10:20:08 PST"]
[Termination "Koalaskakistis won by resignation"]

1. Nf3 g6 2. g3 Nf6 3. Bg2 Bg7 4. c4 O-O 5. O-O d6 6. Nc3 c5 7. d4 cxd4 8. Nxd4 Nc6 9. Nxc6 bxc6 10. Bxc6 Rb8 11.
Bg2 Qc7 12. Nd5 Nxd5 13. cxd5 Bxb2 14. Bxb2 Rxb2 15. Qd4 Rc2 16. e3 Bd7 17. h4 Rc8 18.
h5 Qc5 19. Qh4 Re8 20. Bf3 a5 21. Rfe1 a4 22. Kg2 a3 23. hxg6 hxg6 24. Rh1 Qc3 25. Qh7+ Kf8 26. Be4 Rb2 27. Qh6+ Qg7 28. Qf4 Qe5 29.
Qf3 Kg7 30. Rh4 Rxf2+ 31. Kxf2 Qb2+ 32. Qe2 Qxa1 33. Kf3 Rh8 34. Rxh8 Kxh8 35. Bd3 Qh1+ 36. Kf4 Qxd5 37. e4 Qc5 38. Bc4 g5+ 39. Kf3 Kg7 40. Qd3 Bc6 41. g4 Qe5 42. Bd5 Bxd5 43. exd5 Qf4+ 44. Kg2 Qxg4+ 45. Kf2 Qf4+ 46. Kg2 f6 47.
Qxa3 Qd2+ 48. Kg3 Qxd5 49. Qa7 Qe5+ 50. Kf2 f5 51. a4 f4 52. a5 g4 53. a6 Qb2+ 54. Kf1 Qc1+ 55. Kf2 Qd2+ 56. Kf1 Qd1+ 57. Kg2 Qf3+ 58. Kg1 Qd1+ 59. Kg2 Qe2+ 60. Kg1 f3 61. Qd4+ Kf7 62. Qf4+ Ke8 63. Qxg4 f2+ 64. Kh2 f1=Q+ 0-1

[Event "*** Titled Tuesday Blitz"]
[Site "Chess.com"]
[Date "2021.03.09"]
[Round "2"]
[White "LileKoridze"]
[Black "Soltan49"]
[Result "1-0"]
[WhiteElo "2445"]
[BlackElo "2206"]
[TimeControl "180+1"]
[EndTime "10:20:11 PST"]
[Termination "LileKoridze won by resignation"]

1. d4 Nf6 2. c4 e6 3. Nc3 Bb4 4. e3 d5 5. Bd3 dxc4 6. Bxc4 c5 7.
Nf3 cxd4 8. exd4 a6 9. O-O Qc7 10. Bb3 h6 11. d5 Bxc3 12. bxc3 exd5 13. Ba3 Be6 14. Re1 Nbd7 15. c4 dxc4 16. Bd6 Qc6 17. Ba4 b5 18. Bc2 Qd5 19. Qd4 Qxd4 20. Nxd4 Nf8 21.
f4 Kd7 22. Bc5 Bd5 23. Re7+ Kd8 24. Rae1 Ng6 25. Bb6+ Kc8 26. Bf5+ Kb8 27. Bc7+ Kb7 28. Bxg6 fxg6 29. Rxg7 Ne4 30. Ba5+ Kb8 31. Rxg6 Ra7 32. Nf5 Rd7 33. Nxh6 Rdh7 34. Ng4 c3 35. h3 c2 36. Nf2 Rc8 37. Rc1 Nd2 38. Bxd2 Bxa2 39. Nd3 Rd7 40. Nb4 Rxd2 41. Nxa2 Rd1+ 42. Kf2 Rd2+ 43. Ke3 Rd1 44. Rxa6 Re8+ 45. Kf3 Rd3+ 46. Kf2 Rd2+ 47. Kf3 Rd1 48.
Rxc2 Rd3+ 49. Kg4 b4 50. Nxb4 Rb3 51. Nc6+ Kb7 52. Ra4 Rg8+ 53. Kf5 Rb6 54. Na5+ Ka6 55. Nc4+ Kb5 56. Nxb6 Kxb6 57. Rb4+ Ka5 1-0